General information
- name: BNet
- type: Ladder team game (AT/RT)
- host: Battle.net
- saver: ImHere
map: Cherryville
- players: 8
- length: 22:55
- speed: Fast
- version: 1.28 W3XP
- replay type: Public
» download(198 KB)
Players
team 1 (winner)
Larsen[baza30] (
orange | 116 APM | 2663 actions | 22:54)
5 Death Knight
2 Death Coil
3 Unholy Aura
4 Lich
2 Frost Nova
2 Frost Armor
» actions
| Assign group hotkey | 40 | |
| Basic commands | 204 | |
| Build / train | 80 | |
| Enter build submenu | 13 | |
| Enter hero's abilities submenu | 9 | |
| Give item / drop item | 4 | |
| Remove unit from queue | 1 | |
| Right click | 888 | |
| Select / deselect | 241 | |
| Select group hotkey | 1085 | |
| Use ability | 98 | |
2663 total
» units
| Acolyte | 2 | |
| Ghoul | 3 | |
| Crypt Fiend | 15 | |
| Obsidian Statue | 11 | |
| Gargoyle | 2 | |
33 total
» upgrades
| Creature Carapace | 3 | |
| Web | 1 | |
| Destroyer Form | 1 | |
| Creature Attack | 3 | |
8 total
» buildings
| Ziggurat | 8 | |
| Crypt | 1 | |
| Altar of Darkness | 1 | |
| Graveyard | 1 | |
| Tomb of Relics | 1 | |
| Nerubian Tower | 1 | |
| Halls of the Dead | 1 | |
| Black Citadel | 1 | |
| Slaughterhouse | 2 | |
17 total
» build order
00:13 Ziggurat
00:22 Crypt
00:24 Altar of Darkness
00:42 Graveyard
00:56 Tomb of Relics
01:11 Ziggurat
01:57 Nerubian Tower
02:48 Halls of the Dead
03:45 Ziggurat
05:26 Black Citadel
05:32 Slaughterhouse
05:46 Slaughterhouse
08:56 Ziggurat
10:51 Ziggurat
11:58 Ziggurat
14:30 Ziggurat
14:32 Ziggurat
» items
| Rod of Necromancy | 1 | |
| Scroll of Town Portal | 7 | |
| Orb of Corruption | 2 | |
| Boots of Speed | 1 | |
| Circlet of Nobility | 3 | |
| Lesser Clarity Potion | 2 | |
| Scroll of Protection | 1 | |
| Scroll of Healing | 1 | |
18 total

»
ManuelValls (
pink | 146 APM | 3337 actions | 22:54)
5 Priestess of the Moon
3 Trueshot Aura
2 Searing Arrows
4 Keeper of the Grove
2 Entangling Roots
2 Thorns Aura
4 Dark Ranger
2 Silence
2 Black Arrow
» actions
| Assign group hotkey | 244 | |
| Basic commands | 306 | |
| Build / train | 117 | |
| ESC pressed | 6 | |
| Enter build submenu | 20 | |
| Enter hero's abilities submenu | 15 | |
| Give item / drop item | 6 | |
| Right click | 1133 | |
| Select / deselect | 393 | |
| Select group hotkey | 992 | |
| Use ability | 105 | |
3337 total
» units
| Wisp | 23 | |
| Archer | 20 | |
| Goblin Shredder | 1 | |
| Hippogryph | 27 | |
71 total
» upgrades
| Improved Bows | 1 | |
| Hippogryph Taming | 1 | |
| Strength of the Moon | 4 | |
| Moon Armor | 3 | |
| Marksmanship | 1 | |
| Strength of the Wild | 3 | |
| Reinforced Hides | 3 | |
| Ultravision | 1 | |
17 total
» buildings
| Altar of Elders | 1 | |
| Moon Well | 7 | |
| Ancient of War | 2 | |
| Tree of Life | 3 | |
| Tree of Ages | 1 | |
| Ancient of Wind | 3 | |
| Tree of Eternity | 1 | |
| Ancient of Wonders | 1 | |
| Hunter's Hall | 2 | |
21 total
» build order
00:07 Altar of Elders
00:18 Moon Well
00:47 Ancient of War
01:30 Moon Well
01:59 Ancient of War
03:15 Tree of Life
03:48 Tree of Ages
04:32 Moon Well
05:19 Moon Well
06:40 Ancient of Wind
06:41 Ancient of Wind
06:43 Ancient of Wind
07:36 Tree of Eternity
07:40 Ancient of Wonders
07:52 Moon Well
07:53 Moon Well
08:40 Hunter's Hall
09:56 Hunter's Hall
10:46 Tree of Life
12:22 Moon Well
22:52 Tree of Life
» items
| Dust of Appearance | 1 | |
| Scroll of Town Portal | 3 | |
| Orb of Venom | 1 | |
| Anti-magic Potion | 1 | |
| Scroll of Regeneration | 1 | |
7 total
SEXWOLF (
teal | 67 APM | 1531 actions | 22:54)
4 Blood Mage
2 Flame Strike
2 Siphon Mana
3 Paladin
2 Holy Light
1 Devotion Aura
2 Mountain King
1 Storm Bolt
1 Bash
» actions
| Assign group hotkey | 23 | |
| Build / train | 139 | |
| Enter build submenu | 28 | |
| Enter hero's abilities submenu | 10 | |
| Give item / drop item | 1 | |
| Remove unit from queue | 2 | |
| Right click | 685 | |
| Select / deselect | 399 | |
| Select group hotkey | 147 | |
| Use ability | 97 | |
1531 total
» units
| Peasant | 21 | |
| Rifleman | 7 | |
| Flying Machine | 33 | |
| Siege Engine | 1 | |
62 total
» upgrades
| Masonry | 3 | |
| Long Rifles | 1 | |
| Lumber Harvesting | 2 | |
| Flak Cannons | 1 | |
| Gunpowder | 2 | |
| Plating | 2 | |
| Flying Machine Bombs | 1 | |
| Barrage | 1 | |
13 total
» buildings
| Altar of Kings | 1 | |
| Farm | 8 | |
| Blacksmith | 2 | |
| Barracks | 1 | |
| Town Hall | 2 | |
| Arcane Vault | 2 | |
| Scout Tower | 6 | |
| Lumber Mill | 1 | |
| Arcane Tower | 5 | |
| Keep | 2 | |
| Guard Tower | 14 | |
| Castle | 2 | |
| Workshop | 4 | |
50 total
» build order
00:24 Altar of Kings
00:29 Farm
01:31 Farm
01:58 Blacksmith
02:33 Barracks
02:42 Farm
04:58 Town Hall
05:10 Arcane Vault
05:36 Scout Tower
05:41 Scout Tower
05:54 Farm
06:03 Lumber Mill
06:06 Arcane Tower
06:42 Arcane Tower
07:36 Keep
07:37 Keep
08:51 Town Hall
09:15 Scout Tower
09:17 Scout Tower
09:34 Farm
09:44 Guard Tower
09:45 Guard Tower
09:46 Guard Tower
10:41 Scout Tower
10:43 Scout Tower
10:48 Arcane Vault
11:14 Guard Tower
11:14 Guard Tower
11:14 Guard Tower
11:43 Castle
11:48 Arcane Tower
11:49 Arcane Tower
14:00 Workshop
14:02 Workshop
14:10 Workshop
15:31 Farm
17:20 Guard Tower
17:21 Guard Tower
17:22 Guard Tower
17:22 Guard Tower
17:22 Guard Tower
17:24 Guard Tower
17:24 Guard Tower
18:47 Farm
19:42 Farm
20:23 Blacksmith
20:26 Workshop
» items
| Scroll of Regeneration | 5 | |
| Mechanical Critter | 2 | |
| Lesser Clarity Potion | 1 | |
| Potion of Healing | 1 | |
| Potion of Mana | 1 | |
| Ivory Tower | 3 | |
| Scroll of Town Portal | 2 | |
| Orb of Fire | 1 | |
| Boots of Speed | 1 | |
| Scroll of Protection | 1 | |
| Potion of Lesser Invulnerability | 1 | |
19 total
ImHere (
yellow | 34 APM | 789 actions | 22:55)
» actions
| Basic commands | 17 | |
| Build / train | 66 | |
| Enter build submenu | 68 | |
| Remove unit from queue | 3 | |
| Right click | 222 | |
| Select / deselect | 300 | |
| Use ability | 113 | |
789 total
» units
| Peasant | 19 | |
| Goblin Zeppelin | 3 | |
| Goblin Shredder | 1 | |
| Goblin Sapper | 4 | |
27 total
» upgrades
| Masonry | 2 | |
| Gunpowder | 1 | |
| Magic Sentry | 1 | |
4 total
» buildings
| Scout Tower | 60 | |
| Lumber Mill | 1 | |
| Arcane Tower | 3 | |
| Guard Tower | 22 | |
| Keep | 1 | |
| Arcane Sanctum | 2 | |
| Farm | 2 | |
| Blacksmith | 1 | |
| Workshop | 1 | |
| Altar of Kings | 2 | |
| Castle | 1 | |
| Cannon Tower | 5 | |
| Town Hall | 1 | |
102 total
» build order
02:16 Scout Tower
02:20 Lumber Mill
02:44 Arcane Tower
03:47 Scout Tower
03:50 Scout Tower
03:51 Scout Tower
03:53 Scout Tower
03:55 Scout Tower
04:09 Scout Tower
04:11 Scout Tower
04:13 Scout Tower
04:15 Scout Tower
04:25 Guard Tower
04:27 Guard Tower
04:34 Guard Tower
04:37 Guard Tower
04:53 Guard Tower
05:04 Guard Tower
05:41 Keep
05:52 Guard Tower
06:32 Scout Tower
06:52 Scout Tower
06:54 Scout Tower
06:56 Scout Tower
06:59 Scout Tower
07:00 Scout Tower
07:04 Scout Tower
07:06 Scout Tower
07:08 Scout Tower
07:10 Scout Tower
07:13 Scout Tower
07:15 Scout Tower
07:18 Scout Tower
07:40 Guard Tower
07:41 Guard Tower
07:42 Guard Tower
07:56 Guard Tower
08:40 Arcane Sanctum
08:44 Arcane Sanctum
09:15 Farm
09:18 Farm
09:40 Blacksmith
10:18 Guard Tower
10:40 Guard Tower
10:54 Workshop
10:59 Arcane Tower
11:01 Guard Tower
11:07 Guard Tower
11:16 Guard Tower
12:01 Altar of Kings
12:04 Altar of Kings
13:41 Castle
13:49 Scout Tower
13:49 Scout Tower
14:05 Scout Tower
14:06 Scout Tower
14:08 Scout Tower
14:12 Scout Tower
14:19 Scout Tower
14:20 Scout Tower
14:33 Scout Tower
14:35 Scout Tower
15:01 Scout Tower
15:05 Scout Tower
15:09 Scout Tower
15:11 Guard Tower
15:15 Guard Tower
15:18 Arcane Tower
15:20 Cannon Tower
15:30 Guard Tower
15:32 Guard Tower
15:33 Guard Tower
15:51 Scout Tower
15:55 Scout Tower
17:04 Cannon Tower
17:06 Scout Tower
17:38 Scout Tower
17:40 Scout Tower
17:41 Scout Tower
17:51 Cannon Tower
18:12 Scout Tower
18:19 Scout Tower
18:24 Scout Tower
18:26 Scout Tower
18:55 Cannon Tower
19:56 Scout Tower
19:59 Scout Tower
20:00 Scout Tower
20:01 Scout Tower
20:04 Scout Tower
20:34 Cannon Tower
21:03 Cannon Tower
21:51 Guard Tower
22:03 Scout Tower
22:05 Scout Tower
22:07 Scout Tower
22:09 Scout Tower
22:17 Scout Tower
22:18 Scout Tower
22:22 Scout Tower
22:27 Scout Tower
22:32 Scout Tower
22:51 Town Hall
team 2 (loser)

»
alb_warrior (
blue | 89 APM | 2033 actions | 22:51)
5 Death Knight
3 Death Coil
2 Unholy Aura
3 Lich
1 Frost Nova
2 Frost Armor
» actions
| Assign group hotkey | 27 | |
| Basic commands | 124 | |
| Build / train | 81 | |
| Enter build submenu | 18 | |
| Enter hero's abilities submenu | 8 | |
| Give item / drop item | 4 | |
| Remove unit from queue | 3 | |
| Right click | 698 | |
| Select / deselect | 310 | |
| Select group hotkey | 670 | |
| Use ability | 90 | |
2033 total
» units
| Acolyte | 9 | |
| Ghoul | 5 | |
| Crypt Fiend | 10 | |
| Obsidian Statue | 2 | |
| Frost Wyrm | 10 | |
36 total
» upgrades
| Creature Attack | 2 | |
| Web | 1 | |
| Freezing Breath | 1 | |
| Creature Carapace | 3 | |
7 total
» buildings
| Crypt | 1 | |
| Altar of Darkness | 1 | |
| Ziggurat | 7 | |
| Graveyard | 1 | |
| Tomb of Relics | 1 | |
| Halls of the Dead | 1 | |
| Necropolis | 1 | |
| Nerubian Tower | 2 | |
| Black Citadel | 1 | |
| Sacrificial Pit | 1 | |
| Slaughterhouse | 1 | |
| Spirit Tower | 2 | |
| Boneyard | 2 | |
22 total
» build order
00:18 Crypt
00:21 Altar of Darkness
00:45 Ziggurat
01:00 Graveyard
01:36 Tomb of Relics
01:50 Ziggurat
04:05 Halls of the Dead
05:11 Necropolis
05:16 Ziggurat
06:19 Nerubian Tower
07:11 Black Citadel
07:46 Ziggurat
07:51 Ziggurat
08:05 Sacrificial Pit
08:40 Slaughterhouse
09:14 Nerubian Tower
09:17 Spirit Tower
09:34 Boneyard
10:01 Boneyard
12:39 Ziggurat
16:27 Ziggurat
16:44 Spirit Tower
» items
| Rod of Necromancy | 1 | |
| Healing Salve | 3 | |
| Lesser Clarity Potion | 3 | |
| Potion of Healing | 2 | |
| Orb of Corruption | 1 | |
| Scroll of Town Portal | 3 | |
| Dust of Appearance | 1 | |
14 total

»
byiako (
green | 87 APM | 2000 actions | 22:53)
5 Blademaster
3 Wind Walk
2 Critical Strike
5 Death Knight
3 Death Coil
2 Unholy Aura
3 Lich
2 Frost Nova
1 Frost Armor
» actions
| Assign group hotkey | 107 | |
| Build / train | 212 | |
| Enter build submenu | 31 | |
| Enter hero's abilities submenu | 13 | |
| Give item / drop item | 9 | |
| Remove unit from queue | 2 | |
| Right click | 710 | |
| Select / deselect | 460 | |
| Select group hotkey | 320 | |
| Use ability | 135 | |
2000 total
» units
| Acolyte | 10 | |
| Peon | 19 | |
| Ghoul | 6 | |
| Crypt Fiend | 12 | |
| Grunt | 7 | |
| Goblin Shredder | 1 | |
| Shaman | 8 | |
| Gargoyle | 27 | |
| Tauren | 15 | |
| Frost Wyrm | 6 | |
111 total
» upgrades
| Spiked Barricades | 1 | |
| Armor | 2 | |
| Melee Weapons | 3 | |
| Creature Carapace | 2 | |
| Web | 1 | |
| Creature Attack | 3 | |
| Shaman Training | 2 | |
| Stone Form | 1 | |
| Freezing Breath | 1 | |
| Ranged Weapons | 1 | |
17 total
» buildings
| Crypt | 3 | |
| Altar of Storms | 1 | |
| Orc Burrow | 4 | |
| War Mill | 1 | |
| Graveyard | 1 | |
| Ziggurat | 9 | |
| Barracks | 1 | |
| Altar of Darkness | 1 | |
| Nerubian Tower | 3 | |
| Tomb of Relics | 1 | |
| Watch Tower | 4 | |
| Voodoo Lounge | 1 | |
| Stronghold | 2 | |
| Halls of the Dead | 4 | |
| Necropolis | 1 | |
| Spirit Tower | 7 | |
| Fortress | 2 | |
| Spirit Lodge | 2 | |
| Black Citadel | 2 | |
| Sacrificial Pit | 1 | |
| Tauren Totem | 1 | |
| Boneyard | 2 | |
| Beastiary | 3 | |
57 total
» build order
00:21 Crypt
00:38 Altar of Storms
00:42 Orc Burrow
00:46 War Mill
00:50 Graveyard
00:55 Ziggurat
01:05 Barracks
01:14 Altar of Darkness
01:21 Ziggurat
01:54 Nerubian Tower
02:12 Orc Burrow
02:30 Tomb of Relics
02:43 Watch Tower
03:32 Watch Tower
04:05 Voodoo Lounge
04:25 Stronghold
04:45 Halls of the Dead
04:45 Halls of the Dead
04:55 Watch Tower
04:56 Watch Tower
05:31 Necropolis
05:34 Ziggurat
05:34 Ziggurat
05:56 Ziggurat
05:58 Ziggurat
06:27 Spirit Tower
06:48 Fortress
06:49 Fortress
07:11 Spirit Tower
07:53 Spirit Lodge
07:54 Spirit Lodge
08:03 Black Citadel
08:03 Black Citadel
08:22 Orc Burrow
08:53 Crypt
08:56 Sacrificial Pit
09:00 Ziggurat
09:08 Orc Burrow
09:11 Tauren Totem
09:32 Spirit Tower
10:55 Boneyard
10:56 Boneyard
12:20 Ziggurat
12:22 Ziggurat
22:31 Crypt
22:43 Beastiary
22:46 Beastiary
22:48 Beastiary
» items
| Rod of Necromancy | 2 | |
| Sacrificial Skull | 1 | |
| Orb of Lightning | 2 | |
| Potion of Healing | 4 | |
| Healing Salve | 1 | |
| Lesser Clarity Potion | 5 | |
| Scroll of Town Portal | 2 | |
| Potion of Mana | 2 | |
19 total
^|_ (
red | 6 APM | 2 actions | 00:21)
» actions
| Right click | 1 | |
| Select / deselect | 1 | |
2 total
Supermann (
purple | 70 APM | 1518 actions | 21:49)
2 Blademaster
1 Wind Walk
1 Critical Strike
2 Tauren Chieftain
1 Endurance Aura
1 War Stomp
» actions
| Assign group hotkey | 4 | |
| Build / train | 58 | |
| Enter build submenu | 27 | |
| Enter hero's abilities submenu | 4 | |
| Give item / drop item | 3 | |
| Remove unit from queue | 4 | |
| Right click | 868 | |
| Select / deselect | 182 | |
| Select group hotkey | 318 | |
| Use ability | 50 | |
1518 total
» units
| Peon | 14 | |
| Kodo Beast | 3 | |
| Troll Batrider | 4 | |
21 total
» upgrades
| Spiked Barricades | 2 | |
| Ranged Weapons | 1 | |
| Reinforced Defenses | 1 | |
| War Drums Damage Increase | 1 | |
| Liquid Fire | 1 | |
| Pillage | 1 | |
| Armor | 1 | |
8 total
» buildings
| Altar of Storms | 1 | |
| Orc Burrow | 4 | |
| Voodoo Lounge | 1 | |
| War Mill | 2 | |
| Watch Tower | 8 | |
| Stronghold | 1 | |
| Fortress | 1 | |
| Beastiary | 1 | |
| Great Hall | 1 | |
20 total
» build order
00:10 Altar of Storms
00:15 Orc Burrow
00:38 Voodoo Lounge
01:30 War Mill
02:20 Orc Burrow
03:24 Watch Tower
03:46 Stronghold
03:57 Orc Burrow
06:20 Fortress
06:33 Beastiary
08:51 Watch Tower
09:33 Watch Tower
12:38 Watch Tower
14:57 Watch Tower
15:00 Watch Tower
15:02 Watch Tower
15:49 Watch Tower
19:13 Great Hall
19:19 War Mill
19:51 Orc Burrow
» items
| Healing Salve | 2 | |
| Lesser Clarity Potion | 2 | |
| Scroll of Speed | 2 | |
| Boots of Speed | 1 | |
| Orb of Lightning | 1 | |
| Scroll of Town Portal | 1 | |
| Periapt of Vitality | 1 | |
| Potion of Lesser Invulnerability | 2 | |
| Potion of Healing | 4 | |
| Scroll of Protection | 1 | |
17 total
Chat log
(00:18 / Allies) Larsen[baza30]: ty
(01:04 / Allies) Larsen[baza30]: mass
(01:34 / Allies) ManuelValls: xD
(01:36 / Allies) Larsen[baza30]: fack
(01:37 / Allies) SEXWOLF: lol
(01:41 / Allies) ManuelValls: always
(01:41 / Allies) SEXWOLF: stay
(01:49 / Allies) SEXWOLF: kill him and take exe
(01:52 / Allies) SEXWOLF: we mass
(02:02 / Allies) Larsen[baza30]: mass
(02:11 / Allies) Larsen[baza30]: LOL
(02:11 / Allies) ImHere: you think I'm just gonna stand there and let you kill me Jon Jones?
(06:09 / Allies) ManuelValls: feed
(06:20 / Allies) ImHere: ask nicely
(12:12 / Allies) ManuelValls: inc
(12:47 / Allies) SEXWOLF: b
(13:36 / Allies) Larsen[baza30]: gold
(13:45 / Allies) Larsen[baza30]: gold
(14:06 / Allies) SEXWOLF: mass wood!
(14:10 / Allies) Larsen[baza30]: gold
(14:34 / Allies) Larsen[baza30]: ty
(16:23 / Allies) Larsen[baza30]: b
(16:56 / Allies) SEXWOLF: WOOD
(16:58 / Allies) SEXWOLF: WOOOD
(18:03 / Allies) Larsen[baza30]: b
(18:56 / Allies) Larsen[baza30]: \gold
(20:05 / Allies) Larsen[baza30]: gold
(20:22 / Allies) Larsen[baza30]: gold
(20:24 / Allies) Larsen[baza30]: 5k
(20:30 / Allies) SEXWOLF: give wood
(21:28 / Allies) ImHere: unmount
(22:37 / Allies) ManuelValls: xD